AoeStats
← AEO

Arabia

508301189Analyzed
1v1 RM · 10d ago on Sep 21, 2026· 71m 34s· 2 players
Game mode
Random Map
Map size
Tiny (2 player)
Population
200
Speed
Normal
Resources
Standard
Victory
Conquest
Starting age
Dark Age
Ending age
Imperial Age
RankedLock teamsTeams togetherTeam positionsShared explorationLock speedFull tech treeHidden civsTurbo modeCheats
Victory
Defeat
🇮🇹 Franks · Italy
804
+15
🇹🇷 Sicilians · Türkiye
772
-15
AEO
1:24 Loom
11:31 Feudal Age
13:37 Wheelbarrow
12:51 Double-Bit Axe
24:14 Fletching
29:32 Castle Age
27:49 Town Watch
33:20 Gold Mining
40:18 Padded Archer Armor
47:55 First Crusade
50:54 Sanctity
54:37 Imperial Age
52:25 Hand Cart
52:15 Town Patrol
52:15 Pikeman
60:49 Chemistry
60:10 Ballistics
60:03 Masonry
60:18 Squires
59:44 Halberdier
60:14 Arson
61:33 Leather Archer Armor
61:29 Scale Mail Armor
62:22 Forging
62:09 Bodkin Arrow
64:17 Chain Mail Armor
63:53 Horse Collar
65:48 Gambesons
65:27 Man-at-Arms
66:08 Stone Mining
66:54 Gold Shaft Mining
68:48 Hoardings
67:43 Long Swordsman
68:31 Elite Skirmisher
KingGiordan
10:15 Feudal Age
15:01 Fletching
25:20 Castle Age
28:59 Pikeman
29:40 Squires
48:35 Imperial Age
46:33 Double-Bit Axe
47:12 Bodkin Arrow
48:16 Murder Holes
51:26 Chemistry
50:40 Husbandry
52:59 Ballistics
55:21 Bow Saw
55:40 Scale Barding Armor
55:46 Forging
55:39 Padded Archer Armor
55:40 Scale Mail Armor
58:45 Hoardings
61:56 Chain Barding Armor
62:12 Iron Casting
62:03 #83
61:44 Chivalry
63:17 Cavalier
65:50 Plate Barding Armor
66:16 Blast Furnace
65:33 Leather Archer Armor
67:47 Chain Mail Armor
68:56 Elite Throwing Axeman
Connection lost

Rejoining the realm…

Still unreachable

The connection could not be restored.

Session expired

The server has moved on; the page needs a fresh start.